SBL
COBURG BANKERS @ FITZROY LIONS
05/31/2022
 
TOP OF THE 1ST
Coburg Bankers batting - Pitching for Fitzroy Lions : RHP Sid Howard
Pitching: RHP Sid Howard
Batting: LHB Todd Sparkes 0-0: SOLO HOME RUN (Flyball, 9D, EV 103.8 MPH), Distance : 399 ft
Batting: RHB Ron O'Sullivan 0-0: Ball
1-0: Ball
2-0: SINGLE (Line Drive, 5D, EV 105.6 MPH)
Batting: RHB Ben Lindop 0-0: Ball
1-0: Ball
2-0: Foul Ball, location: 9LDF
2-1: Called Strike
2-2: Grounds into double play, 6-4-3 (Groundball, 6, EV 81.3 MPH)
Batting: LHB Greg Lyons 0-0: DOUBLE (Flyball, 89D, EV 108.8 MPH)
Batting: RHB Alan Trueman 0-0: Ball
1-0: Ground out 6-3 (Groundball, 6S, EV 80.6 MPH)
Top of the 1st over - 1 run, 3 hits, 0 errors, 1 left on base; Coburg 1 - Fitzroy 0
BOTTOM OF THE 1ST
Fitzroy Lions batting - Pitching for Coburg Bankers : RHP Desi Rutherford
Pitching: RHP Desi Rutherford
Batting: LHB Guarçia Dresel 0-0: Ball
1-0: Foul Ball, location: 2F
1-1: Foul Ball, location: 2F
1-2: Ball
2-2: SINGLE (Line Drive, 7S, EV 103.8 MPH)
Batting: RHB Jamey Goodwin 0-0: Grounds into double play, 5-4-3 (Groundball, 56, EV 87.5 MPH)
Batting: RHB Asa Lanyon 0-0: Called Strike
0-1: Ball
1-1: Fly out, F8 (Flyball, 78D, EV 100.0 MPH)
Bottom of the 1st over - 0 runs, 1 hit, 0 errors, 0 left on base; Coburg 1 - Fitzroy 0
TOP OF THE 2ND
Coburg Bankers batting - Pitching for Fitzroy Lions : RHP Sid Howard
Batting: LHB Edwin Metherell 0-0: Swinging Strike
0-1: Ball
1-1: Ball
2-1: Ball
3-1: Foul Ball, location: 7LMF
3-2: Base on Balls
Batting: RHB Geordi Fry 0-0: Called Strike
0-1: Called Strike
0-2: Foul Ball, location: 23FF
0-2: Foul Ball, location: 5SF
0-2: SINGLE (Groundball, 56S, EV 66.9 MPH) (infield hit)
Edwin Metherell to second
Batting: LHB W.C. Pybus 0-0: Swinging Strike
0-1: Foul Ball, location: 7LDF
0-2: Foul Ball, location: 7LMF
0-2: Ball
1-2: Strikes out swinging
Batting: LHB Alan Gordon 0-0: Foul Ball, location: 5FF
0-1: Swinging Strike
0-2: Grounds into double play, 3-6-1 (Groundball, 3, EV 78.1 MPH)
Top of the 2nd over - 0 runs, 1 hit, 0 errors, 1 left on base; Coburg 1 - Fitzroy 0
BOTTOM OF THE 2ND
Fitzroy Lions batting - Pitching for Coburg Bankers : RHP Desi Rutherford
Batting: RHB John Waldegrave 0-0: Ball
1-0: Foul Ball, location: 9LMF
1-1: Swinging Strike
1-2: Foul Ball, location: 3DF
1-2: Foul Ball, location: 2F
1-2: Ball
2-2: Ground out 1-4-3 (Groundball, 15S, EV 100.6 MPH)
Batting: LHB Kevin Blamey 0-0: Ball
1-0: Ball
2-0: Called Strike
2-1: Called Strike
2-2: SINGLE (Flyball, 8RS, EV 94.4 MPH)
Batting: RHB Ozzie Raymont 0-0: Ball
1-0: Called Strike
1-1: Foul Ball, location: 3F
1-2: Ball
2-2: Fly out, F3 (Popup, 34S, EV 78.1 MPH)
Batting: RHB Arnie Carleton 0-0: Called Strike
0-1: Ball
1-1: Ball
2-1: Fly out, F8 (Line Drive, 8RD, EV 95.6 MPH)
Bottom of the 2nd over - 0 runs, 1 hit, 0 errors, 1 left on base; Coburg 1 - Fitzroy 0
TOP OF THE 3RD
Coburg Bankers batting - Pitching for Fitzroy Lions : RHP Sid Howard
Batting: LHB Todd Sparkes 0-0: Ball
1-0: Ball
2-0: Called Strike
2-1: Called Strike
2-2: Ground out 4-3 (Groundball, 4, EV 83.8 MPH)
Batting: RHB Ron O'Sullivan 0-0: Foul Ball, location: 7LMFF
0-1: Foul Ball, location: 25F
0-2: Ball
1-2: Ball
2-2: Ground out 5-3 (Groundball, 56S, EV 84.4 MPH)
Batting: RHB Ben Lindop 0-0: Ball
1-0: Ball
2-0: Ball
3-0: Called Strike
3-1: Base on Balls
Batting: LHB Greg Lyons 0-0: Foul Ball, location: 25F
0-1: Ball
1-1: Ball
2-1: Foul Ball, location: 7LMF
2-2: Ground out 1-3 (Groundball, 34S, EV 71.9 MPH)
Top of the 3rd over - 0 runs, 0 hits, 0 errors, 1 left on base; Coburg 1 - Fitzroy 0
BOTTOM OF THE 3RD
Fitzroy Lions batting - Pitching for Coburg Bankers : RHP Desi Rutherford
Batting: RHB Cortney Edlich 0-0: Called Strike
0-1: Swinging Strike
0-2: Fly out, F3 (Line Drive, 3, EV 68.8 MPH)
Batting: SHB Austen Whittick 0-0: Ball
1-0: Called Strike
1-1: Ball
2-1: Fly out, F2 (Popup, 13S, EV 95.0 MPH)
Batting: LHB Guarçia Dresel 0-0: Swinging Strike
0-1: SINGLE (Line Drive, 89S, EV 103.8 MPH)
Batting: RHB Jamey Goodwin 0-0: Called Strike
0-1: Swinging Strike
0-2: Fly out, F9 (Flyball, 89M, EV 88.8 MPH)
Bottom of the 3rd over - 0 runs, 1 hit, 0 errors, 1 left on base; Coburg 1 - Fitzroy 0
TOP OF THE 4TH
Coburg Bankers batting - Pitching for Fitzroy Lions : RHP Sid Howard
Batting: RHB Alan Trueman 0-0: Ball
1-0: Foul Ball, location: 2F
1-1: Called Strike
1-2: Ball
2-2: Foul Ball, location: 2F
2-2: Ball
3-2: SINGLE (Line Drive, 4D, EV 94.4 MPH)
Batting: LHB Edwin Metherell 0-0: Bunted foul
0-1: Sac Bunt to 3S - play at first, batter OUT! 3-1
Alan Trueman to second
Batting: RHB Geordi Fry 0-0: Ball
1-0: Swinging Strike
1-1: Foul Ball, location: 2F
1-2: Ball
2-2: Ball
3-2: Fly out, F8 (Flyball, 78D, EV 106.9 MPH)
Batting: LHB W.C. Pybus 0-0: Foul Ball, location: 5SF
0-1: Ball
1-1: SINGLE (Line Drive, 89S, EV 110.0 MPH)
Alan Trueman to third
Batting: LHB Alan Gordon 0-0: Fly out, F8 (Line Drive, 8RS, EV 93.8 MPH)
Top of the 4th over - 0 runs, 2 hits, 0 errors, 2 left on base; Coburg 1 - Fitzroy 0
BOTTOM OF THE 4TH
Fitzroy Lions batting - Pitching for Coburg Bankers : RHP Desi Rutherford
Batting: RHB Asa Lanyon 0-0: Fly out, F2 (Popup, 2RF, EV 89.4 MPH)
Batting: RHB John Waldegrave 0-0: SINGLE (Groundball, 3D, EV 96.3 MPH)
Batting: LHB Kevin Blamey 0-0: Ball
1-0: SINGLE (Groundball, 4MD, EV 100.0 MPH)
John Waldegrave to second
Batting: RHB Ozzie Raymont 0-0: Foul Ball, location: 9LMF
0-1: Fly out, F7 (Flyball, 7S, EV 88.8 MPH)
Batting: RHB Arnie Carleton 0-0: Foul Ball, location: 9LMF
0-1: Foul Ball, location: 2F
0-2: Ball
1-2: Strikes out swinging
Bottom of the 4th over - 0 runs, 2 hits, 0 errors, 2 left on base; Coburg 1 - Fitzroy 0
TOP OF THE 5TH
Coburg Bankers batting - Pitching for Fitzroy Lions : RHP Sid Howard
Batting: LHB Todd Sparkes 0-0: Called Strike
0-1: Swinging Strike
0-2: Ball
1-2: Strikes out swinging
Batting: RHB Ron O'Sullivan 0-0: Fly out, F8 (Flyball, 8RD, EV 80.0 MPH)
Batting: RHB Ben Lindop 0-0: DOUBLE (Flyball, 89XD, EV 107.5 MPH)
Batting: LHB Greg Lyons 0-0: Ball
1-0: Ball
2-0: Ball
3-0: Base on Balls
Batting: RHB Alan Trueman 0-0: Ground out 6-3 (Groundball, 6S, EV 68.1 MPH)
Top of the 5th over - 0 runs, 1 hit, 0 errors, 2 left on base; Coburg 1 - Fitzroy 0
BOTTOM OF THE 5TH
Fitzroy Lions batting - Pitching for Coburg Bankers : RHP Desi Rutherford
Batting: RHB Cortney Edlich 0-0: Ground out 4-3 (Groundball, 4, EV 88.1 MPH)
Batting: SHB Austen Whittick 0-0: Ball
1-0: Foul Ball, location: 2F
1-1: SINGLE (Line Drive, 8LS, EV 85.6 MPH)
Batting: LHB Guarçia Dresel 0-0: Called Strike
0-1: Foul Ball, location: 3FF
0-2: SINGLE (Groundball, 4D, EV 100.0 MPH)
Austen Whittick to second
Runner from 2nd tries for 3rd, SAFE, no throw by CF
Batting: RHB Jamey Goodwin 0-0: Ball
1-0: Ball
2-0: Ball
3-0: Called Strike
3-1: SINGLE (Line Drive, 4D, EV 98.1 MPH)
Austen Whittick scores
Guarçia Dresel to second
Runner from 2nd tries for 3rd, SAFE, throw by CF made to third
Batting: RHB Asa Lanyon 0-0: Called Strike
0-1: Foul Ball, location: 23F
0-2: Ball
1-2: Strikes out swinging
Batting: RHB John Waldegrave 0-0: Ball
1-0: DOUBLE (Flyball, 89XD, EV 96.9 MPH)
Guarçia Dresel scores
Jamey Goodwin to third
Batting: LHB Kevin Blamey 0-0: Foul Ball, location: 2F
0-1: Swinging Strike
0-2: Ball
1-2: Ball
2-2: DOUBLE (Groundball, 3L, EV 99.4 MPH)
Jamey Goodwin scores
John Waldegrave scores
Batting: RHB Ozzie Raymont 0-0: Called Strike
0-1: Ground out 5-3 (Groundball, 56S, EV 76.9 MPH)
Bottom of the 5th over - 4 runs, 5 hits, 0 errors, 1 left on base; Coburg 1 - Fitzroy 4
TOP OF THE 6TH
Coburg Bankers batting - Pitching for Fitzroy Lions : RHP Sid Howard
Batting: LHB Edwin Metherell 0-0: Called Strike
0-1: Foul Ball, location: 2F
0-2: SINGLE (Line Drive, 9S, EV 105.0 MPH)
Batting: RHB Geordi Fry 0-0: Grounds into double play, 6-4-3 (Groundball, 6, EV 88.1 MPH)
Batting: LHB W.C. Pybus 0-0: Called Strike
0-1: Ball
1-1: SINGLE (Line Drive, 78S, EV 91.3 MPH)
Batting: LHB Alan Gordon 0-0: Called Strike
0-1: Called Strike
0-2: Fly out, F9 (Line Drive, 9S, EV 89.4 MPH)
Top of the 6th over - 0 runs, 2 hits, 0 errors, 1 left on base; Coburg 1 - Fitzroy 4
BOTTOM OF THE 6TH
Fitzroy Lions batting - Pitching for Coburg Bankers : RHP Desi Rutherford
Batting: RHB Arnie Carleton 0-0: Called Strike
0-1: Ball
1-1: Swinging Strike
1-2: Strikes out swinging
Batting: RHB Cortney Edlich 0-0: Called Strike
0-1: Ball
1-1: Foul Ball, location: 9LSF
1-2: Foul Ball, location: 2F
1-2: Ball
2-2: SINGLE (Line Drive, 34, EV 104.4 MPH)
Batting: SHB Austen Whittick 0-0: Ball
1-0: Ball
Cortney Edlich steals 2nd base
2-0: Called Strike
2-1: SINGLE (Groundball, 6MD, EV 109.4 MPH) (infield hit)
Cortney Edlich to third
Batting: LHB Guarçia Dresel 0-0: Called Strike
0-1: Called Strike
0-2: Foul Ball, location: 2F
0-2: Ball
1-2: Ball
2-2: Strikes out looking
Batting: RHB Jamey Goodwin 0-0: Called Strike
0-1: Ball
1-1: Fly out, F5 (Popup, 25, EV 86.3 MPH)
Bottom of the 6th over - 0 runs, 2 hits, 0 errors, 2 left on base; Coburg 1 - Fitzroy 4
TOP OF THE 7TH
Coburg Bankers batting - Pitching for Fitzroy Lions : RHP Sid Howard
Batting: LHB Todd Sparkes 0-0: Called Strike
0-1: Foul Ball, location: 9LDF
0-2: Ground out U3 (Groundball, 3, EV 85.6 MPH)
Batting: RHB Ron O'Sullivan 0-0: Ball
1-0: Called Strike
1-1: Swinging Strike
1-2: Foul Ball, location: 2F
1-2: SINGLE (Groundball, 4MD, EV 96.9 MPH)
Pitching: RHP Antonio Malave
Batting: RHB Ben Lindop 0-0: Ball
1-0: Grounds into double play, 4-6-3 (Groundball, 4, EV 103.8 MPH)
Top of the 7th over - 0 runs, 1 hit, 0 errors, 0 left on base; Coburg 1 - Fitzroy 4
BOTTOM OF THE 7TH
Fitzroy Lions batting - Pitching for Coburg Bankers : RHP Desi Rutherford
Batting: RHB Asa Lanyon 0-0: Ball
1-0: Ball
2-0: SINGLE (Groundball, 3S, EV 65.0 MPH) (infield hit)
Batting: RHB John Waldegrave 0-0: Ball
1-0: Ball
2-0: Ball
3-0: Called Strike
3-1: Fly out, F6 (Popup, 4M, EV 57.5 MPH)
Pitching: LHP Evan Messenger
Batting: LHB Kevin Blamey 0-0: Called Strike
Asa Lanyon steals 2nd base
0-1: Ball
1-1: Foul Ball, location: 2F
1-2: Ground out 4-3 (Groundball, 4D, EV 108.8 MPH)
Asa Lanyon to third
Pitching: LHP Shane Peacock
Batting: RHB Ozzie Raymont 0-0: Ball
1-0: Foul Ball, location: 5SF
1-1: Ball
2-1: Foul Ball, location: 3F
2-2: Strikes out looking
Bottom of the 7th over - 0 runs, 1 hit, 0 errors, 1 left on base; Coburg 1 - Fitzroy 4
TOP OF THE 8TH
Coburg Bankers batting - Pitching for Fitzroy Lions : RHP Antonio Malave
Batting: LHB Greg Lyons 0-0: Ball
1-0: Called Strike
1-1: Ball
2-1: Foul Ball, location: 2F
2-2: Ground out 6-3 (Groundball, P, EV 81.9 MPH)
Pinch Hitting: LHB Jamie Francis 0-0: Called Strike
0-1: Called Strike
0-2: Foul Ball, location: 9LSF
0-2: Fly out, F7 (Flyball, 7, EV 85.0 MPH)
Batting: LHB Edwin Metherell 0-0: DOUBLE (Line Drive, 9LM, EV 89.4 MPH)
Batting: RHB Geordi Fry 0-0: Ball
1-0: Called Strike
1-1: Foul Ball, location: 2LF
1-2: Ball
2-2: Strikes out swinging
Top of the 8th over - 0 runs, 1 hit, 0 errors, 1 left on base; Coburg 1 - Fitzroy 4
BOTTOM OF THE 8TH
Fitzroy Lions batting - Pitching for Coburg Bankers : LHP Shane Peacock
Now at 2B: Dillan Rennison
Batting: RHB Arnie Carleton 0-0: Ball
1-0: Ball
2-0: DOUBLE (Flyball, 8RXD, EV 103.1 MPH)
Batting: RHB Cortney Edlich 0-0: Intentional Walk
Batting: SHB Austen Whittick 0-0: Ball
1-0: Grounds into double play, 5-4-3 (Groundball, 56, EV 85.0 MPH)
Arnie Carleton to third
Batting: LHB Guarçia Dresel 0-0: Called Strike
0-1: Ball
1-1: Foul Ball, location: 2F
1-2: DOUBLE (Line Drive, 89XD, EV 111.3 MPH)
Arnie Carleton scores
Batting: RHB Jamey Goodwin 0-0: Ball
1-0: Ball
2-0: Ball
3-0: Called Strike
3-1: Base on Balls
Batting: RHB Asa Lanyon 0-0: Ball
1-0: Called Strike
1-1: Ball
2-1: Ball
3-1: Swinging Strike
3-2: Strikes out swinging
Bottom of the 8th over - 1 run, 2 hits, 0 errors, 2 left on base; Coburg 1 - Fitzroy 5
TOP OF THE 9TH
Coburg Bankers batting - Pitching for Fitzroy Lions : RHP Antonio Malave
Pitching: LHP Len Austin
Batting: LHB W.C. Pybus 0-0: SINGLE (Groundball, 6D, EV 99.4 MPH)
Pinch Hitting: RHB Fred Hakin 0-0: Called Strike
0-1: Swinging Strike
0-2: Ball
1-2: Ball
2-2: Grounds into double play, 5-4-3 (Groundball, 56S, EV 82.5 MPH)
Pinch Hitting: RHB Jerome Tomlinson 0-0: Ball
1-0: SINGLE (Line Drive, 89M, EV 106.3 MPH)
Batting: RHB Ron O'Sullivan 0-0: Called Strike
0-1: Ball
1-1: Fielders Choice at 2nd, 5-4 (Groundball, 56, EV 86.3 MPH)
Top of the 9th over - 0 runs, 2 hits, 0 errors, 1 left on base; Coburg 1 - Fitzroy 5
Sunday, May 5th , 2024 - OOTP Baseball 24.9 Build 80